AoeStats
← tainankadij

Arena

510141393Analyzed
1v1 RM · 2d ago on Sep 29, 2026· 45m 53s· 2 players
Game mode
Random Map
Map size
Tiny (2 player)
Population
200
Speed
Normal
Resources
Standard
Victory
Conquest
Starting age
Dark Age
Ending age
Imperial Age
RankedLock teamsTeams togetherTeam positionsShared explorationLock speedFull tech treeHidden civsTurbo modeCheats
Victory
Defeat
🇧🇷 Poles · Brazil
1015
+16
🇮🇩 Burgundians · Indonesia
1024
-16
Poucas_Trancas
11:39 Feudal Age
13:06 Double-Bit Axe
15:51 Castle Age
13:51 Horse Collar
14:17 Stone Mining
18:30 Heavy Plow
19:10 Gold Mining
20:19 Loom
22:36 Bow Saw
23:00 Town Watch
24:54 Bloodlines
24:52 Scale Barding Armor
25:00 Forging
25:28 Husbandry
27:03 Wheelbarrow
27:31 Szlachta Privileges
29:36 Stone Shaft Mining
31:50 Imperial Age
30:56 Iron Casting
32:32 Scale Barding Armor
32:38 Cavalier
34:18 Hand Cart
34:04 Town Patrol
35:12 Blast Furnace
34:33 Chain Barding Armor
35:32 Conscription
36:06 Hoardings
36:36 Fletching
tainankadij
6:11 Double-Bit Axe
10:09 Horse Collar
12:30 Feudal Age
12:33 Gold Mining
16:35 Castle Age
15:31 Bow Saw
16:03 Heavy Plow
21:09 Crop Rotation
22:17 Two-Man Saw
23:46 Wheelbarrow
23:40 Loom
23:41 Town Watch
25:51 Gold Shaft Mining
25:07 Stone Mining
30:32 Imperial Age
28:53 Padded Archer Armor
29:26 Ballistics
29:17 Masonry
28:49 Treadmill Crane
30:51 Leather Archer Armor
32:16 Chemistry
31:39 Hand Cart
31:56 Guilds
34:18 Architecture
34:53 Conscription
36:03 Burgundian Vineyards
38:44 Pikeman
39:25 Squires
40:45 Halberdier
41:12 Arson
41:30 Scale Mail Armor
41:41 Forging
Connection lost

Rejoining the realm…

Still unreachable

The connection could not be restored.

Session expired

The server has moved on; the page needs a fresh start.